 Dungeon Crawl Stone Soup version 0.18.1-50-g88ac8fd (webtiles) character file.

1460 lorenzova the Nimble (level 8, -3/69 HPs)
             Began as a Merfolk Skald on Oct 18, 2016.
             Slain by Eustachio
             ... wielding a +0 falchion
              (6 damage)
             ... on level 6 of the Dungeon.
             The game lasted 00:13:42 (7495 turns).

lorenzova the Nimble (Merfolk Skald)                Turns: 7495, Time: 00:13:43

Health: -3/69      AC:  8    Str: 14    XL:     8   Next: 76%
Magic:  11/11      EV: 15    Int: 12    God:
Gold:   414        SH:  0    Dex: 13    Spells: 2 memorised, 8 levels left

rFire  . . .     SeeInvis .     G - +0 halberd (chop)
rCold  . . .     Gourm    .     z - +1 ring mail {rPois}
rNeg   . . .     Faith    .     (shield currently unavailable)
rPois  +         Spirit   .     (no helmet)
rElec  .         Dismiss  .     r - +0 cloak (curse)
rCorr  .         Reflect  .     j - +0 pair of gloves
SustAt .         Harm     .     (no boots)
MR     .....                    (no amulet)
Stlth  +.........               (no ring)
                                (no ring)

@: not resistant to hostile enchantments, very unstealthy
A: change form in water, swift swim
a: no special abilities


You were on level 6 of the Dungeon.
You were not hungry.

You visited 1 branch of the dungeon, and saw 6 of its levels.

You collected 414 gold pieces.

Inventory:

Hand Weapons
 a - a +0 spear
 y - a +0 trident
 G - a +0 halberd of chopping (weapon)
Armour
 b - a +0 leather armour
 j - a +0 pair of gloves (worn)
 r - a cursed +0 cloak (worn)
 x - a +0 ring mail
 z - a +1 ring mail of poison resistance (worn)
 E - the +0 robe "Vejomi" {rF+}
   (You found it on level 6 of the Dungeon)

   It protects you from fire.
Wands
 w - a wand of confusion (33/48)
 F - a wand of paralysis (6/24)
 H - a wand of enslavement (10/24)
Scrolls
 e - a scroll of remove curse {unknown}
 h - 2 scrolls of blinking {unknown}
 i - 9 scrolls of identify
 k - 3 scrolls of teleportation {unknown}
 m - a scroll of fog {unknown}
 s - a scroll of fear {unknown}
 t - a scroll of magic mapping {unknown}
 C - a scroll of enchant weapon {unknown}
 D - a scroll of random uselessness {unknown}
Potions
 f - 2 potions of heal wounds {unknown}
 g - 2 potions of lignification {unknown}
 l - a potion of curing {unknown}
 n - a potion of haste {unknown}
 o - a potion of mutation {unknown}
 p - a potion of cure mutation {unknown}
 u - a potion of might {unknown}
 A - a potion of flight {unknown}
Books
 c - a book of Battle

   Spells                             Type                      Level
   a - Infusion                       Charms                       1
   b - Shroud of Golubria             Charms/Translocation         2
   c - Song of Slaying                Charms                       2
   d - Spectral Weapon                Hexes/Charms                 3
   e - Regeneration                   Charms/Necromancy            3
 v - a book of Annihilations

   Spells                             Type                      Level
   a - Poison Arrow                   Conjuration/Poison           6
   b - Chain Lightning                Conjuration/Air              8
   c - Lehudib's Crystal Spear        Conjuration/Earth            8
   d - Glaciate                       Conjuration/Ice              9
   e - Fire Storm                     Conjuration/Fire             9
Comestibles
 d - 4 bread rations
 q - 3 meat rations
 B - a beef jerky


   Skills:
 + Level 8.6 Fighting
 - Level 3.0 Polearms
 - Level 0.6 Armour
 + Level 9.5 Dodging
 - Level 2.0 Spellcasting
 - Level 3.2 Charms


You had 8 spell levels left.
You knew the following spells:

 Your Spells              Type           Power        Failure   Level  Hunger
a - Infusion              Chrm           #...         17%         1    ##.....
b - Song of Slaying       Chrm           #.......     24%         2    ###....


Dungeon Overview and Level Annotations

Branches:
Dungeon (6/15)
 Temple: D:4-7

Altars:
Dithmenos
Gozag
Qazlal

Annotations:
D:3 lorenzova's ghost, amateur MfSk
D:4 Edmund
D:6 Eustachio


Message History

Eustachio is almost dead.
The bat completely misses you. The rat closely misses you.
The bat hits you but does no damage. Eustachio closely misses you.
The river rat bites you but does no damage.
You completely miss Eustachio.
Eustachio is almost dead.
The bat misses you. The bat barely misses you. The rat completely misses you.
The river rat bites you.
* * * LOW HITPOINT WARNING * * *
Eustachio hits you but does no damage.
The orc warrior throws a stone.
The stone hits you but does no damage.
You closely miss Eustachio.
Eustachio is almost dead.
The bat hits you but does no damage. The bat closely misses you.
The rat bites you but does no damage. The river rat bites you.
* * * LOW HITPOINT WARNING * * *
The orc warrior throws a stone.
The stone hits you.
* * * LOW HITPOINT WARNING * * *
Eustachio hits you with a falchion.
You die...

........).)...........
......................
###............#######
#.......(....#
#.....(>......#
#.............#
#.............#
#..brrb.......#
#...@.o.......#
#....@........#
#(.[..........#
#.......(.....
#............
############


You could see Eustachio, an orc warrior, a river rat, 2 bats and a rat.

Vanquished Creatures
  Grinder (D:6)
  2 ice beasts
  A phantom (D:6)
  An ogre (D:6)
  A centaur (D:6)
  A big kobold (D:5)
  Blork the orc (D:6)
  A giant frog (D:6)
  A howler monkey (D:6)
  A crimson imp (D:6)
  A hound (D:5)
  4 orc wizards
  2 orc priests
  A giant frog skeleton (D:5)
  3 worker ants
  A hound zombie (D:6)
  A howler monkey zombie (D:6)
  4 gnolls (D:5)
  6 adders
  A shadow imp (D:6)
  An ooze (D:4)
  3 worms
  3 dart slugs
  4 giant geckos
  21 orcs
  A ball python (D:6)
  4 bats
  A giant cockroach (D:5)
  5 hobgoblins
  11 jackals
  3 quokkas
  5 giant newts
  6 goblins
  5 kobolds
  7 rats
115 creatures vanquished.

Notes
Turn   | Place    | Note
--------------------------------------------------------------
     0 | D:1      | lorenzova the Merfolk Skald began the quest for the Orb.
     0 | D:1      | Reached XP level 1. HP: 16/16 MP: 3/3
   237 | D:1      | Reached skill level 2 in Dodging
   254 | D:1      | Reached XP level 2. HP: 18/23 MP: 5/5
   258 | D:1      | Learned a level 2 spell: Song of Slaying
  1201 | D:2      | Reached XP level 3. HP: 28/29 MP: 6/6
  1871 | D:3      | Reached skill level 3 in Dodging
  1983 | D:3      | Noticed lorenzova's ghost (amateur MfSk)
  2557 | D:3      | Reached XP level 4. HP: 12/37 MP: 3/7
  3185 | D:3      | Found an opulent altar of Gozag.
  3259 | D:4      | Noticed Edmund
  3282 | D:5      | Entered Level 5 of the Dungeon
  3587 | D:5      | Noticed a big kobold
  3609 | D:5      | Killed a big kobold
  3609 | D:5      | Reached skill level 4 in Dodging
  3609 | D:5      | Reached XP level 5. HP: 21/43 MP: 0/8
  3783 | D:5      | Reached skill level 5 in Fighting
  3787 | D:5      | Reached skill level 5 in Dodging
  4101 | D:5      | Reached XP level 6. HP: 46/51 MP: 9/9
  4261 | D:4      | Noticed an ice beast
  5595 | D:4      | Killed an ice beast
  5785 | D:5      | Reached skill level 6 in Dodging
  5984 | D:5      | Found a shadowy altar of Dithmenos.
  6004 | D:5      | Reached XP level 7. HP: 56/58 MP: 10/10
  6201 | D:5      | Found a stormy altar of Qazlal.
  6439 | D:6      | Reached skill level 7 in Dodging
  6657 | D:6      | Got a fine robe
  6658 | D:6      | Identified the +0 robe "Vejomi" {rF+} (You found it on level 6 of the Dungeon)
  6690 | D:6      | Noticed a hill giant
  6808 | D:6      | Noticed Blork the orc
  6824 | D:6      | Killed Blork the orc
  6951 | D:6      | Noticed Eustachio
  7013 | D:6      | Reached XP level 8. HP: 36/67 MP: 8/11
  7032 | D:6      | Reached skill level 8 in Dodging
  7340 | D:6      | Noticed Grinder
  7365 | D:6      | Paralysed by Grinder for 3 turns
  7379 | D:6      | Paralysed by Grinder for 4 turns
  7384 | D:6      | Killed Grinder
  7384 | D:6      | Reached skill level 9 in Dodging
  7495 | D:6      | HP: 3/69 [orc warrior/stone (3)]
  7495 | D:6      | Slain by Eustachio

Skill      XL: |  1  2  3  4  5  6  7  8 |
---------------+-------------------------+-----
Dodging        | 2 3 4 5 6 7 9 |  9.5
Fighting       | 3 4 5 6 7 8 |  8.6
Polearms       | |  3.0
Armour         | |  0.6
Spellcasting   | |  2.0
Charms         | |  3.2

Action                   |  1- 3 |  4- 6 |  7- 9 || total
-------------------------+-------+-------+-------++-------
Melee: Spear             |   200 |   206 |       ||   406
       Trident           |       |    56 |    88 ||   144
       Halberd           |       |       |   103 ||   103
 Cast: Infusion          |     6 |    13 |    11 ||    30
       Song of Slaying   |       |     3 |     1 ||     4
  Use: Scroll            |       |       |     1 ||     1
 Stab: Sleeping          |     1 |       |       ||     1
  Eat: Chunk             |     5 |     7 |     6 ||    18
       Meat ration       |       |     1 |       ||     1
Armor: Leather armour    |    62 |    17 |       ||    79
       Ring mail         |       |    49 |   112 ||   161
Dodge: Dodged            |   123 |   174 |   206 ||   503
